cohdb
Replays
Latest Replays
All Replays
Popular Replays
Top Player Replays
Match Explorer
How It Works
Community
CoH3 Stats
Reddit
Sign in to upload your games and track your stats! →
Sign in with Steam
Match 43052691
Unlisted
Match 43052691
Overview
Messages
Build Orders
End
Vickers Machine Gun Team
Construct Section Command Post
Infantry Section
Infantry Section
Dingo Light Scout Car
Construct Platoon Command Post
Unlock M3 Stuart Light Tanks
M3 Stuart Light Tank
Selects Heavy Armor Battlegroup
Selects Rigorous Vehicle Training
Selects Forward Repair Assembly
Forward Retreat Point
M3 Stuart Light Tank
M3 Stuart Light Tank
CMP 15cwt Truck
6-pounder Anti-tank Gun Team
CMP 15cwt Truck
Grenade Package
Construct Company Command Post
Selects Light Vehicle Withdraw and Refit
Selects UNKNOWN (202330)
Selects Recon Artillery
Recon Artillery
Crusader AA Medium Tank
Royal Engineer Section
Recon Artillery
Foot Guards Section
Foot Guards Section
Recon Artillery
Construct Field Infirmary
Selects Churchill Black Prince Heavy Tank
Recon Artillery
Churchill Black Prince Heavy Tank
Royal Engineer Section
Infantry Training
Armored Vehicle Training
Forward Retreat Point
CMP 15cwt Truck
Recon Artillery
Team Weapon Training
Light Vehicle Training
Recon Artillery
Matilda II Heavy Tank
Royal Engineer Section
Royal Engineer Section
Recon Artillery
Cameleon Casquer
admiral_gnar
Dudulu
McVidelita
Larry
Victor
hogarthw
玩的愉快
0
0
Comments
sign in to comment!
No comments posted yet!